 Dungeon Crawl Stone Soup version 0.17-a0-1954-g0dddeaa (webtiles) character file.

6562 4thArraOfDagon the Cleaver (level 10, -5/93 HPs)
             Began as a Minotaur Berserker on Oct 4, 2015.
             Was a High Priest of Trog.
             Engulfed by a cloud of freezing vapour (23 damage)
             ... in an ice cave.
             The game lasted 00:16:13 (3066 turns).

4thArraOfDagon the Cleaver (Minotaur Berserker)     Turns: 3066, Time: 00:16:13

Health: -5/93      AC: 15    Str: 26    XL:     10   Next: 70%
Magic:  12/12      EV:  8    Int:  4    God:    Trog [*****.]
Gold:   926        SH:  0    Dex:  9    Spells: 0 memorised, 9 levels left

rFire  . . .     SeeInvis .     g - +0 battleaxe
rCold  . . .     Clarity  .     A - +0 plate armour
rNeg   . . .     SustAt   .     (no shield)
rPois  .         Gourm    .     (helmet restricted)
rElec  .         Spirit   .     (no cloak)
rCorr  .         Warding  .     (no gloves)
rMut   .         Stasis   .     l - +0 pair of boots
MR     ++...                    (no amulet)
Stlth  ..........               (no ring)
                                n - ring of stealth

@: regenerating, very resistant to hostile enchantments, extremely unstealthy
A: retaliatory headbutt, horns 2
a: Burn Spellbooks, Berserk, Trog's Hand, Brothers in Arms, Renounce Religion


You were in an ice cave.
You worshipped Trog.
Trog was extremely pleased with you.
You were hungry.

You visited 2 branches of the dungeon, and saw 14 of its levels.
You also visited: Ossuary and Ice Cave.

You collected 956 gold pieces.
You spent 30 gold pieces at shops.

Inventory:

Hand weapons
 g - a +0 battleaxe (weapon)
Armour
 l - a +0 pair of boots (worn)
 A - a +0 plate armour (worn)
Jewellery
 n - a ring of stealth (left hand)
Magical devices
 v - a wand of slowing (16)
 D - a wand of fire (7)
Scrolls
 d - 4 scrolls of teleportation
 h - a scroll of noise
 p - a scroll of blinking {unknown}
 q - 4 scrolls of recharging {unknown}
 r - a scroll of magic mapping
 s - a scroll of random uselessness
 w - 3 scrolls of remove curse {unknown}
 y - a scroll of fear {unknown}
 C - 2 scrolls of fog
Potions
 b - 6 potions of curing
 e - a potion of agility
 m - 2 potions of resistance
 o - a potion of magic
 t - 3 potions of haste {unknown}
 x - 2 potions of might
 z - a potion of berserk rage
 B - a potion of flight
 E - a potion of cancellation
Books
 f - a book of Beasts

   Spells                             Type                      Level
   a - Summon Butterflies             Summoning                    1
   b - Call Canine Familiar           Summoning                    3
   c - Summon Ice Beast               Ice/Summoning                4
   d - Summon Mana Viper              Hexes/Summoning              5
   e - Summon Hydra                   Summoning                    7
   Trog disapproves of the use of such an item.
Comestibles
 c - 6 bread rations
 i - 20 chunks of flesh
 j - a beef jerky
 u - 3 meat rations


   Skills:
 + Level 9.8 Fighting
 * Level 13.1 Axes
 + Level 9.7 Armour
 - Level 2.1 Dodging
 + Level 4.7 Evocations


You had 9 spell levels left.
You didn't know any spells.

Dungeon Overview and Level Annotations

Branches:
Dungeon (10/15)            Temple (0/1) D:7             Orc (4/4) D:10
    Elf (0/3) Orc:3
   Lair: D:8-11

Altars:
Ashenzari
Okawaru
Vehumet
Yredelemnul
Beogh

Shops:
Orc:2 *   Orc:3 (   Orc:4 *


Innate Abilities, Weirdness & Mutations

You reflexively headbutt those who attack you in melee.
You have a pair of horns on your head.


Message History

You see here a polar bear skeleton.
Unknown command.
Use which ability?
Your skin crawls.
You feel resistant to hostile enchantments.
You are feeling hungry.
You are engulfed in freezing vapours.
You are engulfed in freezing vapours.
Unknown command.
You are engulfed in freezing vapours.
Unknown command.
Unknown command.
Found 33 gold pieces and a bread ration.
Unknown command.
You are engulfed in freezing vapours.
* * * LOW HITPOINT WARNING * * *
You feel the effects of Trog's Hand fading.
Unknown command.
You are engulfed in freezing vapours.
You die...

## ##. #..
#..##
#...#
#§@##
##§§##
#§#§§##
#..#.§§§#
#$#.##§§##
#% $##.§##
# ###†§##
##.##
##..#


There were no monsters in sight!

Vanquished Creatures
  An orc knight (Orc:2)
  A cyclops (Orc:3)
  A troll (Orc:3)
  2 polar bears (IceCv)
  4 yaks (IceCv)
  3 wolves (IceCv)
  A warg (Orc:1)
  2 ice beasts
  12 orc warriors
  A phantom (D:6)
  2 crocodiles
  2 centaurs
  5 ogres
  A giant frog (D:8)
  3 big kobolds (D:3)
  A water moccasin zombie (D:8)
  2 scorpions
  A water moccasin skeleton (D:7)
  2 crimson imps
  A wasp zombie (D:7)
  A jelly (D:7)
  A centaur skeleton (D:7)
  A human zombie (Ossuary)
  3 hounds (D:7)
  Natasha (twice) (D:2 D:1)
  3 iguanas
  16 orc priests
  10 orc wizards
  3 worker ants
  2 sheep (Orc:3)
  A hound zombie (D:10)
  4 mummies (Ossuary)
  5 adders
  A worker ant zombie (D:6)
  A gnoll (D:3)
  2 adder zombies
  An adder skeleton (D:8)
  A giant gecko (D:8)
  73 orcs
  2 ball pythons
  6 bats
  5 giant cockroaches
  3 goblins
  7 hobgoblins
  5 jackals
  4 quokkas
  2 giant newts
  2 jackal zombies (Ossuary)
  39 kobolds
  2 kobold zombies (Ossuary)
  4 orc zombies (Ossuary)
  3 rats
  2 rat zombies (Ossuary)
265 creatures vanquished.

Vanquished Creatures (others)
  A wolf (IceCv)
1 creature vanquished.

Grand Total: 266 creatures vanquished

Notes
Turn   | Place    | Note
--------------------------------------------------------------
     0 | D:1      | 4thArraOfDagon the Minotaur Berserker began the quest for the Orb.
     0 | D:1      | Reached XP level 1. HP: 19/19 MP: 0/0
   111 | D:1      | Reached skill level 4 in Axes
   121 | D:2      | Reached XP level 2. HP: 27/27 MP: 1/1
   155 | D:2      | Noticed Natasha
   165 | D:2      | Killed Natasha
   165 | D:2      | Reached XP level 3. HP: 28/33 MP: 2/2
   183 | D:2      | Noticed Natasha
   194 | D:1      | Killed Natasha
   322 | D:3      | Acquired Trog's second power
   350 | D:4      | Reached skill level 5 in Axes
   351 | D:4      | Reached XP level 4. HP: 40/40 MP: 3/3
   551 | D:4      | Reached XP level 5. HP: 47/47 MP: 4/4
   662 | D:3      | Noticed a big kobold
   678 | D:3      | Killed a big kobold
   678 | D:3      | Reached skill level 5 in Fighting
   678 | D:3      | Reached skill level 6 in Axes
   678 | D:3      | Reached XP level 6. HP: 43/56 MP: 5/5
   861 | D:3      | Noticed a big kobold
   873 | D:3      | Noticed a big kobold
   878 | D:3      | Killed a big kobold
   881 | D:3      | Killed a big kobold
   881 | D:3      | Reached skill level 7 in Axes
   881 | D:3      | Reached skill level 5 in Armour
   982 | D:5      | Entered Level 5 of the Dungeon
  1128 | D:6      | Reached XP level 7. HP: 47/61 MP: 6/6
  1316 | D:7      | Acquired Trog's third power
  1322 | D:7      | Reached skill level 8 in Axes
  1463 | D:7      | Reached XP level 8. HP: 71/71 MP: 7/7
  1481 | D:7      | Reached skill level 9 in Axes
  1564 | D:7      | Found a sand-covered staircase.
  1572 | Ossuary  | Entered an ossuary
  1788 | D:7      | Got a distressingly furry ring mail
  1835 | D:7      | Identified the cursed +1 ring mail "Waskem" {Dex+2 SInv} (You found it on level 7 of the Dungeon)
  1907 | D:8      | Reached skill level 10 in Axes
  1910 | D:8      | Reached skill level 1 in Evocations
  1952 | D:7      | Found a staircase to the Ecumenical Temple.
  1980 | D:7      | Reached XP level 9. HP: 73/79 MP: 9/9
  2199 | D:9      | Found a shattered altar of Ashenzari.
  2202 | D:9      | Found a basalt altar of Yredelemnul.
  2202 | D:9      | Found an iron altar of Okawaru.
  2205 | D:9      | Found a radiant altar of Vehumet.
  2254 | D:10     | Entered Level 10 of the Dungeon
  2271 | D:10     | Found a staircase to the Orcish Mines.
  2280 | Orc:1    | Entered Level 1 of the Orcish Mines
  2296 | Orc:1    | Noticed an orc knight
  2296 | Orc:1    | Reached skill level 11 in Axes
  2500 | Orc:2    | Found Kutz's Assorted Antiques.
  2508 | Orc:2    | Bought a scroll labeled GAGAGI WEGE for 30 gold pieces
  2601 | Orc:3    | Found a staircase to the Elven Halls.
  2652 | Orc:3    | Found Dazubugh's Antique Weapon Boutique.
  2696 | Orc:3    | Noticed a cyclops
  2708 | Orc:3    | Killed a cyclops
  2708 | Orc:3    | Reached XP level 10. HP: 90/90 MP: 11/11
  2717 | Orc:3    | :(
  2759 | Orc:3    | Reached skill level 12 in Axes
  2787 | Orc:2    | Noticed an orc knight
  2793 | Orc:2    | Killed an orc knight
  2842 | Orc:4    | Entered Level 4 of the Orcish Mines
  2934 | Orc:4    | Found a roughly hewn altar of Beogh.
  2935 | Orc:4    | Found Kachog's General Store.
  2977 | Orc:4    | Found a frozen archway.
  2997 | IceCv    | Entered an ice cave
  3037 | IceCv    | Reached skill level 13 in Axes
  3066 | IceCv    | Engulfed by a cloud of freezing vapour

Vault maps used:
D:1:      minmay_arrival_shattered_statue
D:2:      uniq_natasha
D:3:      minmay_goblin_kobold_castle, overflow_temple_1_default, first_bread,
          serial_bayou_lagoon_a
D:4:      nicolae_overflow_hidden_temple, corexii_shack, uniq_edmund
D:5:      serial_bayou, serial_bayou_shore_a, serial_bayou_shore_b,
          serial_bayou_shore_b, serial_bayou_shore_b, tso_metal_star
D:7:      minmay_temple_entry_overgrown, lightli_ossuary_entry_decrepit_ruins
D:9:      grunt_temple_overflow_open, uniq_grum
D:10:     orc_0_dummy
Orc:2:    serial_shops, shop, nicolae_orc_lava_tube, statue_in_the_mist_lemuel
Orc:3:    serial_shops, nicolae_shop_statue_plus, nicolae_orc_pool_cavern,
          uniq_rupert
Orc:4:    grunt_orc_community_town_hall, grunt_orc_community_big_house_2,
          grunt_orc_community_big_house_1, grunt_orc_community_house_3,
          grunt_orc_community_house_2, grunt_orc_community_house_2,
          grunt_orc_community_house_3, portal_ice_cave_entry_pillars_02
Ossuary:  ossuary_minmay_tomb_2a
IceCv:    ice_cave_caverns_02

Action                   |  1- 3 |  4- 6 |  7- 9 | 10-12 || total
-------------------------+-------+-------+-------+-------++-------
Melee: Hand axe          |    42 |   151 |   181 |       ||   374
       Battleaxe         |       |       |    84 |    59 ||   143
Invok: Berserk           |     2 |     3 |    10 |     2 ||    17
       Trog's Hand       |       |     3 |    13 |     5 ||    21
  Use: Potion            |     2 |       |     1 |       ||     3
       Scroll            |       |       |    15 |     1 ||    16
 Stab: Sleeping          |     1 |     3 |     1 |       ||     5
  Eat: Chunk             |       |     7 |    16 |     5 ||    28
